 Dungeon Crawl Stone Soup version 0.30-a0-940-ge5077277c9 (webtiles) character file.

Game seed: 4971062234913326187

131985 Bnni the Earth Mage (level 17, -5/137 HPs)
             Began as a Formicid Earth Elementalist on Mar 26, 2023.
             Was the Champion of Cheibriados.
             Slain by a wolf spider (7 damage)
             ... led by a broodmother
             ... on level 3 of the Spider Nest on Mar 27, 2023.
             The game lasted 01:29:45 (28707 turns).

Bnni the Earth Mage (Formicid Earth Elementalist)  Turns: 28707, Time: 01:29:47

Health: -5/137     AC: 24    Str: 30    XL:     17   Next: 68%
Magic:  1/33       EV: 11    Int: 39    God:    Cheibriados [******]
Gold:   3598       SH: 16    Dex: 29    Spells: 12/40 levels left

rFire   . . .      SeeInvis +    G - staff of earth
rCold   . . .      Faith    .    S - +0 kite shield {reflect}
rNeg    . . .      Spirit   .    Q - +6 scale mail of the Slorg {Will+}
rPois   +          Reflect  +    (helmet unavailable)
rElec   .          Rampage  .    x - +0 cloak
rCorr   .                        J - +1 pair of gloves of Lyrorent {Int+3}
Will    ++...                    o - +0 pair of boots
Stlth   ++                       p - amulet of regeneration
HPRegen 1.22/turn                A - +4 ring of protection
MPRegen 0.23/turn                H - ring of poison resistance

@: studying Ice Magic, very slow
A: permanent stasis, dig shafts and tunnels, antennae 3, four strong arms
a: Dig, Shaft Self, Renounce Religion, Bend Time, Temporal Distortion, Slouch,
Step From Time


You were on level 3 of the Spider Nest.
You worshipped Cheibriados.
Cheibriados was exalted by your worship.
You visited 5 branches of the dungeon, and saw 26 of its levels.

You collected 4024 gold pieces.
You spent 426 gold pieces at shops.

Inventory:

Hand Weapons
 R - a +0 lajatang of protection
Missiles
 e - 10 curare-tipped darts
Armour
 o - a +0 pair of boots (worn)
 x - a +0 cloak (worn)
 J - the +1 pair of gloves of Lyrorent (worn) {Int+3}
   (You acquired it on level 5 of the Lair of Beasts)

   Int:       It affects your intelligence (+3).
 Q - the +6 scale mail of the Slorg (worn) {Will+}
   (You found it on level 13 of the Dungeon)

   Will:      It increases your willpower.
 S - a +0 kite shield of reflection (worn)
Magical Staves
 G - a staff of earth (weapon)
Jewellery
 n - a ring of protection from cold
 p - an amulet of regeneration (around neck)
 r - a ring of positive energy
 A - a +4 ring of protection (left hand)
 H - a ring of poison resistance (right hand)
 P - a ring of flight
Wands
 g - a wand of mindburst (7)
 v - a wand of iceblast (39)
 y - a wand of light (4)
 D - a wand of flame (19)
 F - a wand of paralysis (10)
Scrolls
 c - 5 scrolls of vulnerability {unknown}
 d - 5 scrolls of magic mapping {unknown}
 f - 2 scrolls of butterflies
 h - 6 scrolls of poison
 k - 7 scrolls of blinking {unknown}
 s - 2 scrolls of immolation
 t - 4 scrolls of fear
 w - 3 scrolls of enchant weapon
 B - 6 scrolls of amnesia
 E - 2 scrolls of silence
 I - 6 scrolls of enchant armour
 K - 3 scrolls of fog
Potions
 a - 3 potions of heal wounds
 b - 2 potions of magic
 i - 2 potions of resistance
 j - 6 potions of attraction
 l - 5 potions of mutation
 m - 3 potions of brilliance
 q - 2 potions of ambrosia {unknown}
 u - 16 potions of curing
 z - 4 potions of cancellation
 C - 5 potions of might {unknown}
 N - a potion of lignification {unknown}
 O - a potion of invisibility {unknown}
Miscellaneous
 M - a phantom mirror


   Skills:
 + Level 13.5 Fighting
 + Level 3.1 Staves
 + Level 10.8 Armour
 - Level 1.7 Dodging
 - Level 2.4 Stealth
 + Level 13.5 Shields
 + Level 12.1 Spellcasting
 + Level 5.9 Conjurations
 - Level 5.0 Necromancy
 - Level 3.0 Transmutations
 + Level 18.9 Earth Magic
 - Level 13.0 Invocations
 - Level 2.0 Evocations


You had 12 spell levels left.
You knew the following spells:

 Your Spells              Type           Power      Damage    Failure   Level
a - Sandblast             Erth           100%       2d20      0%          1
b - Passwall              Tmut/Erth      86%        N/A       1%          2
c - Stone Arrow           Conj/Erth      100%       3d13      1%          3
d - Petrify               Tmut/Erth      100%       N/A       1%          4
e - Animate Armour        Summ/Erth      100%       N/A       1%          4
h - Borgnjor's Vile Clut  Necr/Erth      54%        N/A       1%          5
i - Iron Shot             Conj/Erth      55%        9d10      4%          6
s - Sublimation of Blood  Necr           58%        N/A       1%          2
z - Apportation           Tloc           46%        N/A       4%          1

Your spell library contained the following spells:

 Spells                   Type           Power      Damage    Failure   Level
 Beastly Appendage        Tmut           94%        N/A       1%          1
 Static Discharge         Conj/Air       92%        2-6/arc   1%          2
 Wereblood                Tmut           47%        N/A       1%          2
 Sting                    Tmut/Pois      100%       1d8       2%          1
 Hailstorm                Conj/Ice       46%        3d11      4%          3
 Lesser Beckoning         Tloc           46%        N/A       7%          2
 Poisonous Vapours        Pois/Air       46%        N/A       7%          2
 Spider Form              Tmut/Pois      35%        N/A       7%          3
 Gell's Gravitas          Tloc           23%        N/A       13%         3
 Teleport Other           Tloc           23%        N/A       13%         3
 Vhi's Electric Charge    Tloc/Air       46%        N/A       13%         3
 Irradiate                Conj/Tmut      27%        3d20      21%         5
 Ice Form                 Ice/Tmut       35%        N/A       24%         4
 Blade Hands              Tmut           23%        N/A       34%         5
 Arcjolt                  Conj/Air       23%        1d33      36%         5
 Olgreb's Toxic Radiance  Pois           23%        N/A       41%         4
 Alistair's Intoxication  Tmut/Pois      23%        N/A       54%         5
 Plasma Beam              Fire/Air       11%        2x1d24    77%         5
 Simulacrum               Ice/Necr       21%        N/A       94%         6
 Eringya's Noxious Bog    Tmut/Pois      17%        N/A       98%         6
 Dispersal                Tloc           11%        N/A       100%        6


Dungeon Overview and Level Annotations

Branches:
Dungeon (15/15)            Temple (1/1) D:5            Lair (5/5) D:9
 Shoals (0/4) Lair:3       Spider (3/4) Lair:2        Slime (0/5) Lair:4
    Orc (2/2) D:12            Elf (0/3) Orc:2        Vaults (0/5) D:14
 Depths (0/4) D:15

Altars:
Ashenzari
Cheibriados
Dithmenos
Elyvilon
Fedhas
Gozag
Hepliaklqana
Kikubaaqudgha
Makhleb
Nemelex Xobeh
Okawaru
Qazlal
Ru
Sif Muna
Trog
Uskayaw
Vehumet
Wu Jian
Xom
Yredelemnul
Zin
The Shining One

Shops:
D:3 (   Orc:2 ??(*

Annotations:
D:4 1 runed translucent door, MacCMillion's ghost, novice MiFi
Temple 2 transporters


Innate Abilities, Weirdness & Mutations

You cannot be hasted, slowed, berserked, paralysed or teleported.
You can dig through walls and to a lower floor.
You have a pair of large antennae on your head. (SInv)
Your four strong arms can wield two-handed weapons with a shield.


Message History

The zombie hands constrict the jumping spider!
The jumping spider struggles to escape constriction.
The culicivora struggles to escape constriction.
The wolf spider closely misses you. You block the wolf spider's attack.
The jumping spider struggles to escape constriction.
The culicivora rages.
You block the wolf spider's attack.
The wolf spider bites you but does no damage.
The jumping spider struggles to escape constriction.
Casting: Iron Shot (dangerous; 4% risk of failure)
Confirm with . or Enter, or press ? or * to list all spells.
Aiming: Borgnjor's Vile Clutch (mildly dangerous; 1% risk of failure)
Press: ? - help, Shift-Dir - straight line, f - moth of wrath, p - jumping spider
Aim: a moth of wrath (soul bound, 100% to hit)
You feel a surge of power!
Zombie hands grab the wolf spider.
Zombie hands grab the moth of wrath.
The zombie hands constrict the moth of wrath.
The zombie hands constrict the culicivora!
The zombie hands constrict the wolf spider!
The zombie hands constrict the jumping spider!!
You kill the jumping spider!
Cheibriados thoroughly appreciates the change of pace.
A freezing mist starts to gather...
You block the wolf spider's attack. The wolf spider bites you.
* * * LOW HITPOINT WARNING * * *
You block the wolf spider's attack. x2
A jumping spider simulacrum comes into view.
The zombie hands constrict the moth of wrath!!!
The zombie hands constrict the culicivora!!!
You kill the culicivora!
Cheibriados thoroughly appreciates the change of pace.
The zombie hands constrict the wolf spider!!
The moth of wrath's soul is no longer bound.
The wolf spider struggles to escape constriction.
The wolf spider escapes!
The wolf spider hits you!!
* * * LOW HITPOINT WARNING * * *
The wolf spider bites you.
* * * LOW HITPOINT WARNING * * *
The moth of wrath escapes!
The wolf spider hits you!
You die...

#. .# .# #.
.# ##
##.#..##.
#........
##@# #s#...#
..Z.wys#[..##
.....?Z ...#
#...#.. ^#.#
... ... ..##
.. .#.# .. .
#.#. ### # ..


You could see a wolf spider (berserk, soul bound), a moth of wrath, a culicivora
(soul bound) and a broodmother simulacrum.

Vanquished Creatures
  Gastronok (D:9)
  Agnes (Spider:2)
  Kirke (D:15)
  The ghost of What the Dancer, a journeyman DsGl of Uskayaw (Lair:5)
  4 broodmothers
  A stone giant (D:15)
  3 dire elephants (Lair:5)
  The ghost of Giwudid the Carver, a journeyman DsGl of Okawaru (D:13)
  Azrael (D:14)
  An entropy weaver (Spider:1)
  A great orb of eyes (shapeshifter) (D:15)
  A vault guard (D:14)
  7 hydras
  A catoblepas (D:14)
  A radroach (Spider:1)
  3 ogre magi (Orc:2)
  3 centaur warriors
  A tengu warrior (D:13)
  3 boulder beetles
  14 two-headed ogres
  10 death yaks
  2 skysharks
  A spectral anaconda (Lair:5)
  3 pharaoh ants
  5 skeletal warriors
  Lodul (D:14)
  An obsidian statue (Lair:5)
  Pikel (D:8)
  A lindwurm (Lair:5)
  A deep elf pyromancer (D:13)
  3 steelbarb worms
  3 necromancers (Lair:5)
  An orc knight (Orc:2)
  7 wolf spiders
  4 ugly things
  4 cyclopes
  A moth of wrath (Spider:1)
  3 manticores
  Maurice (D:9)
  Joseph (D:8)
  3 black mambas (Lair:5)
  11 elephants (Lair:5)
  7 demonic crawlers
  2 torpor snails (Spider:2)
  Maggie (Lair:1)
  3 rime drakes
  14 cane toads
  A kobold demonologist (D:9)
  2 efreet
  7 komodo dragons
  4 polar bears
  3 meliai (Spider:1)
  12 tarantellas
  5 trolls
  Prince Ribbit (D:7)
  19 blink frogs
  A blink frog (shapeshifter) (D:11)
  4 dream sheep (Lair:4)
  A spectral elephant (Lair:5)
  A slime creature (D:13)
  A dire elephant simulacrum (Lair:5)
  17 jumping spiders
  3 shadows
  A centaur simulacrum (D:13)
  12 culicivoras
  25 yaks
  A vampire (D:9)
  A fire elemental (D:13)
  4 basilisks
  4 wyverns
  3 hogs (D:15)
  5 humans (D:14)
  11 redbacks
  4 vampire mosquitoes (D:13)
  3 steam dragons
  A death yak simulacrum (Lair:5)
  2 acid dragons
  18 water moccasins
  2 spectral cane toads (Lair:5)
  A hell hound (D:14)
  An elephant zombie (Lair:5)
  3 ice beasts
  11 orc warriors
  A sky beast (D:8)
  2 black bears
  27 ogres
  13 wolves
  An elephant skeleton (Lair:5)
  10 centaurs
  A lemure (D:8)
  3 bullfrogs
  A gnoll sergeant (D:13)
  A water moccasin zombie (D:5)
  6 scorpions
  18 wights
  3 killer bees (D:9)
  2 electric eels
  2 howler monkeys
  2 hounds
  7 jellies
  A bullfrog zombie (D:5)
  A gnoll bouda (D:8)
  6 orc priests
  2 sleepcaps (D:6)
  6 iguanas
  20 orc wizards
  8 gnolls
  8 adders
  2 white imps (D:8)
  6 worms
  2 dart slugs
  34 orcs
  7 ball pythons
  11 endoplasms
  8 giant cockroaches
  5 goblins
  5 hobgoblins
  A quokka (D:4)
  8 bats
  2 frilled lizards (D:2)
  11 kobolds
  6 rats
600 creatures vanquished.

Vanquished Creatures (collateral kills)
  Arachne (Spider:2)
  Donald (Lair:2)
  The ghost of What the Dancer, a journeyman DsGl of Uskayaw (Lair:5)
  3 dire elephants (Lair:5)
  Snorg (D:14)
  2 entropy weavers (Spider:1)
  An ogre mage (Orc:2)
  A vault guard (D:14)
  4 death yaks
  A two-headed ogre (Orc:2)
  Nergalle (Lair:2)
  A spectral death yak (Lair:5)
  4 skeletal warriors
  A necromancer (Lair:5)
  A steelbarb worm (Spider:1)
  A deep elf pyromancer (D:12)
  An ugly thing (D:13)
  5 elephants (Lair:5)
  A gargoyle (D:10)
  A cane toad (Lair:5)
  A demonic crawler (Spider:2)
  2 tarantellas (Spider:2)
  3 blink frogs (Lair:5)
  2 dream sheep (Lair:4)
  2 culicivoras
  A slime creature (D:13)
  2 jumping spiders
  2 fire elementals (D:14)
  11 yaks
  3 basilisks (Lair:4)
  4 humans (D:14)
  4 redbacks (Spider:1)
  An acid dragon (D:13)
  A water moccasin (Lair:4)
  A black bear (Lair:2)
  2 orc warriors (Orc:1)
  2 wolves (Lair:5)
  An orc priest (Orc:2)
  2 orc wizards
  2 gnolls (Orc:1)
  8 orcs
90 creatures vanquished.

Vanquished Creatures (others)
  A vault guard (D:14)
  3 slime creatures (D:14)
  A jelly (D:7)
  26 fungi
  37 plants
  9 toadstools (D:4)
  20 withered plants (Lair:5)
97 creatures vanquished.

Grand Total: 787 creatures vanquished

Notes
Turn   | Place    | Note
-------+----------+-------------------------------------------
     0 | D:1      | Bnni the Formicid Earth Elementalist began the quest for
                  | the Orb.
     0 | D:1      | Reached XP level 1. HP: 13/13 MP: 3/3
   242 | D:1      | Reached XP level 2. HP: 20/20 MP: 1/5
   313 | D:1      | Reached skill level 4 in Earth Magic
   316 | D:1      | Learned a level 2 spell: Passwall
   596 | D:1      | Reached skill level 1 in Fighting
   596 | D:1      | Reached XP level 3. HP: 26/26 MP: 3/6
   934 | D:1      | Learned a level 3 spell: Stone Arrow
  1521 | D:2      | Reached XP level 4. HP: 25/32 MP: 3/7
  1803 | D:3      | Found Ufumyschure's Antique Weapon Emporium.
  2303 | D:3      | Found an opulent altar of Gozag.
  2303 | D:3      | Found a blossoming altar of Fedhas.
  2306 | D:3      | Found a snail-covered altar of Cheibriados.
  2312 | D:3      | Became a worshipper of Cheibriados the Contemplative
  2524 | D:3      | Found a sparkling altar of Nemelex Xobeh.
  2524 | D:3      | Found a shimmering altar of Xom.
  2649 | D:4      | Reached XP level 5. HP: 38/38 MP: 7/9
  2800 | D:4      | Reached skill level 5 in Earth Magic
  2989 | D:4      | Reached * piety under Cheibriados
  2998 | D:4      | Reached XP level 6. HP: 26/46 MP: 0/10
  3264 | D:4      | Found a runed translucent door.
  3264 | D:4      | Noticed MacCMillion's ghost (novice MiFi)
  3351 | D:4      | Learned a level 4 spell: Petrify
  3754 | D:5      | Entered Level 5 of the Dungeon
  3793 | D:5      | Reached skill level 6 in Earth Magic
  4047 | D:5      | Reached skill level 1 in Necromancy
  4050 | D:5      | Reached XP level 7. HP: 38/52 MP: 3/11
  4194 | D:5      | Noticed a water moccasin
  4196 | D:5      | Found a staircase to the Ecumenical Temple.
  4201 | D:5      | Killed a water moccasin
  4210 | Temple   | Entered the Ecumenical Temple
  4210 | Temple   | Found a transporter.
  4210 | Temple   | Found a transporter.
  4241 | Temple   | Found a transporter.
  4241 | Temple   | Found a transporter.
  4575 | D:5      | Reached skill level 7 in Earth Magic
  4626 | D:5      | Found a basalt altar of Yredelemnul.
  4753 | D:6      | Noticed a water moccasin
  4759 | D:6      | Killed a water moccasin
  4760 | D:6      | Reached XP level 8. HP: 58/60 MP: 8/13
  4914 | D:6      | Learned a level 5 spell: Borgnjor's Vile Clutch
  4938 | D:6      | Reached skill level 8 in Earth Magic
  5013 | D:6      | Reached ** piety under Cheibriados
  5162 | D:6      | Reached skill level 5 in Fighting
  5162 | D:6      | Reached XP level 9. HP: 58/68 MP: 11/16
  5272 | D:6      | Reached skill level 9 in Earth Magic
  5374 | D:6      | Reached skill level 5 in Spellcasting
  5376 | D:6      | Reached skill level 1 in Invocations
  5794 | D:7      | Noticed Prince Ribbit
  5800 | D:7      | Killed Prince Ribbit
  5801 | D:7      | Reached skill level 10 in Earth Magic
  6279 | D:7      | Reached *** piety under Cheibriados
  6280 | D:7      | Reached XP level 10. HP: 76/76 MP: 10/18
  6406 | D:7      | Reached skill level 5 in Necromancy
  6930 | D:8      | Noticed Joseph
  6930 | D:8      | Noticed a two-headed ogre
  6938 | D:8      | Killed Joseph
  6939 | D:8      | Reached skill level 11 in Earth Magic
  6939 | D:8      | Killed a two-headed ogre
  7180 | D:8      | Learned a level 4 spell: Animate Armour
  7326 | D:8      | Reached skill level 1 in Conjurations
  7326 | D:8      | Reached skill level 5 in Invocations
  7429 | D:8      | Noticed a two-headed ogre
  7437 | D:8      | Killed a two-headed ogre
  7438 | D:8      | Reached skill level 12 in Earth Magic
  7626 | D:8      | Reached **** piety under Cheibriados
  7627 | D:8      | Reached XP level 11. HP: 54/85 MP: 8/20
  7855 | D:8      | Noticed Pikel
  7863 | D:8      | Killed Pikel
  8153 | D:9      | Noticed a two-headed ogre
  8156 | D:9      | Killed a two-headed ogre
  8478 | D:9      | Reached skill level 13 in Earth Magic
  8535 | D:9      | Found a radiant altar of Vehumet.
  8538 | D:9      | Found a burning altar of Makhleb.
  8539 | D:9      | Found a stormy altar of Qazlal.
  8556 | D:9      | Noticed Gastronok
  8563 | D:9      | Killed Gastronok
  8910 | D:9      | Noticed a death yak
  8927 | D:9      | Noticed a death yak
  8928 | D:9      | Noticed a death yak
  8949 | D:9      | Killed a death yak
  8950 | D:9      | Reached skill level 1 in Armour
  8951 | D:9      | Killed a death yak
  8958 | D:9      | Killed a death yak
  8959 | D:9      | Reached XP level 12. HP: 94/94 MP: 1/23
  9090 | D:9      | Found a staircase to the Lair.
  9114 | D:9      | Noticed Maurice
  9118 | D:9      | Killed Maurice
  9118 | D:9      | Reached ***** piety under Cheibriados
  9142 | D:9      | Learned a level 6 spell: Iron Shot
  9427 | D:9      | Noticed a two-headed ogre
  9430 | D:9      | Killed a two-headed ogre
  9431 | D:9      | Reached skill level 14 in Earth Magic
  9633 | D:10     | Entered Level 10 of the Dungeon
  9841 | D:10     | Noticed a two-headed ogre
  9850 | D:10     | Killed a two-headed ogre
 11475 | D:12     | Noticed a boulder beetle
 11489 | D:12     | Killed a boulder beetle
 11561 | D:12     | Reached skill level 5 in Conjurations
 11618 | D:12     | Found a staircase to the Orcish Mines.
 11638 | D:12     | Reached XP level 13. HP: 91/102 MP: 18/25
 11981 | D:12     | Learned a level 2 spell: Sublimation of Blood
 12415 | D:13     | Reached skill level 15 in Earth Magic
 12415 | D:13     | Noticed a six-headed hydra
 12420 | D:13     | Killed a six-headed hydra
 12586 | D:13     | Reached skill level 10 in Fighting
 12586 | D:13     | Reached skill level 5 in Armour
 12751 | D:13     | Found a transporter.
 12756 | D:13     | Noticed a four-headed hydra
 12756 | D:13     | Noticed Giwudid's ghost (journeyman DsGl)
 12766 | D:13     | Noticed a centaur warrior
 12771 | D:13     | Killed a centaur warrior
 12881 | D:13     | Found a transporter.
 12907 | D:13     | Noticed a centaur warrior
 12912 | D:13     | Killed a centaur warrior
 13123 | D:13     | Reached ****** piety under Cheibriados
 13442 | D:13     | Killed a four-headed hydra
 13448 | D:13     | Killed Giwudid's ghost
 13459 | D:13     | Identified the +6 scale mail of the Slorg {Will+}
 13502 | D:14     | Noticed Azrael
 13515 | D:13     | Reached skill level 16 in Earth Magic
 13745 | D:14     | Noticed a centaur warrior
 13748 | D:14     | Killed a centaur warrior
 13862 | D:14     | Identified the +3 hand axe of Enat {freeze, rF+ Will+
                  | Stlth+}
 13893 | D:14     | Killed Azrael
 13936 | D:14     | Killed a vault guard
 14100 | D:14     | Noticed a catoblepas
 14101 | D:14     | Noticed Snorg
 14111 | D:14     | Killed Snorg
 14112 | D:14     | Killed a catoblepas
 14521 | D:14     | Noticed Lodul
 14529 | D:14     | Killed Lodul
 14530 | D:14     | Reached XP level 14. HP: 90/111 MP: 11/27
 14659 | D:14     | Reached skill level 10 in Invocations
 14767 | D:14     | Found a gate to the Vaults.
 14781 | D:14     | Identified the +9 great mace of Departure {freeze, +Blink}
 14824 | D:14     | Reached skill level 1 in Shields
 14983 | D:15     | Entered Level 15 of the Dungeon
 15333 | D:15     | Found a staircase to the Depths.
 15333 | D:15     | Noticed a stone giant
 15341 | D:15     | Killed a stone giant
 15583 | D:15     | Identified the +2 ring mail of New Discoveries {Slay+2}
 15751 | D:15     | Reached skill level 17 in Earth Magic
 15756 | D:15     | Reached skill level 10 in Spellcasting
 15915 | D:15     | Noticed Kirke
 15923 | D:15     | Noticed a sphinx
 15923 | D:15     | Killed Kirke
 15924 | D:15     | Reached skill level 5 in Shields
 16209 | Lair:1   | Entered Level 1 of the Lair of Beasts
 16715 | Lair:1   | Noticed Maggie
 16727 | Lair:1   | Killed Maggie
 17870 | Lair:2   | Found a hole to the Spider Nest.
 17989 | Lair:2   | Noticed Nergalle
 18005 | Lair:2   | Killed Nergalle
 18096 | Lair:2   | Reached XP level 15. HP: 99/117 MP: 20/29
 18177 | Lair:2   | Identified a scroll of acquirement
 18758 | Lair:3   | Found a staircase to the Shoals.
 19962 | Lair:4   | Found a staircase to the Slime Pits.
 20745 | Lair:5   | Entered Level 5 of the Lair of Beasts
 20963 | Lair:5   | Found a runed translucent gate.
 20964 | Lair:5   | Found a runed translucent gate.
 20964 | Lair:5   | Found a runed translucent gate.
 21560 | Lair:5   | Reached skill level 10 in Shields
 21599 | Lair:5   | Reached skill level 18 in Earth Magic
 21794 | Lair:5   | Reached XP level 16. HP: 14/127 MP: 20/30
 21794 | Lair:5   | HP: 2/127 [cane toad (13)]
 22811 | Lair:5   | Identified the staff of conjuration "Adaquxok" {rPois}
 22812 | Lair:5   | Acquired the +1 pair of gloves of Lyrorent {Int+3}
 23757 | Lair:5   | Noticed What's ghost (journeyman DsGl)
 23757 | Lair:5   | Noticed What's ghost (journeyman DsGl)
 23772 | Lair:5   | Killed What's ghost
 23785 | Lair:5   | Killed What's ghost
 24141 | Orc:1    | Entered Level 1 of the Orcish Mines
 24384 | Orc:2    | Entered Level 2 of the Orcish Mines
 24532 | Orc:2    | Found a staircase to the Elven Halls.
 24800 | Orc:2    | Reached skill level 10 in Armour
 24984 | Orc:2    | Found Nonileiq's Magic Scroll Shoppe.
 24985 | Orc:2    | Found Jiesode's General Store.
 24985 | Orc:2    | Found Nuotoafux's Antique Weapon Shoppe.
 24985 | Orc:2    | Found Asuur's Magic Scroll Shop.
 25004 | Orc:2    | Bought a potion of heal wounds for 75 gold pieces
 25004 | Orc:2    | Bought a potion of heal wounds for 75 gold pieces
 25009 | Orc:2    | Bought a scroll of enchant armour for 112 gold pieces
 25010 | Orc:2    | Bought a scroll of enchant armour for 82 gold pieces
 25010 | Orc:2    | Bought a scroll of enchant armour for 82 gold pieces
 25465 | Spider:1 | Entered Level 1 of the Spider Nest
 25467 | Spider:1 | Noticed Donald
 25820 | Lair:2   | Killed Donald
 26274 | Spider:1 | Reached XP level 17. HP: 127/136 MP: 15/32
 26446 | Spider:1 | Acquired 1245 gold pieces
 26493 | Spider:1 | Reached skill level 1 in Staves
 27368 | Spider:2 | Noticed Arachne
 27372 | Spider:2 | Noticed Agnes
 27376 | Spider:2 | Killed Agnes
 27377 | Spider:2 | Reached skill level 1 in Evocations
 27382 | Spider:2 | Killed Arachne
 28686 | Spider:2 | Learned a level 1 spell: Apportation
 28707 | Spider:3 | HP: 5/137 [wolf spider[a broodmother] (28)]
 28707 | Spider:3 | HP: 2/137 [wolf spider[a broodmother] (3)]
 28707 | Spider:3 | Slain by a wolf spider

Illustrated notes

Levels and vault maps discovered:
D:1:      wander_arrival_desolate, layout_basic, minmay_door_square
D:2:      layout_loops_ring
D:3:      layout_basic, nicolae_overflow_two_pavilions,
          chequers_temple_overflow_statue_of_worship, serial_shops, shop,
          nicolae_figureground_sparkle
D:4:      cheibrodos_fertilizer, layout_cave_pods,
          hellmonk_ghost_happy_afterlife, minmay_misc_feat_more_columns,
          kennysheep_nub
D:5:      layout_loops_ring, lemuel_zombie_altar_yredelemnul, temple_hall
D:6:      layout_cave_pools
D:7:      layout_loops_corners, lemuel_flamethrower_2, uniq_prince_ribbit1
D:8:      minmay_skewed_foursquare, layout_basic, minmay_misc_feat_diagonals,
          minmay_sticks_and_stones, uniq_pikel
D:9:      minmay_flawed_box, layout_basic, grunt_temple_overflow_open,
          dpeg_lair_monsters, nicolae_hexahallways, uniq_maurice, uniq_gastronok
D:10:     layout_roguey, minivault_25
D:11:     layout_roguey
D:12:     layout_loops_ring, david_orc_3
D:13:     layout_big_octagon, gammafunk_ghost_arena, kennysheep_generic_room_14
D:14:     layout_cave_pods, ximxim_vaults_locker_room, serial_bayou_pond_c,
          uniq_azrael, uniq_lodul, uniq_snorg
D:15:     grunt_enter_depths_giant_problem, layout_basic, nicolae_benzene_ring,
          uniq_kirke
Temple:   hellmonk_temple_divided_pantheon
Lair:1:   layout_loops_ring, minivault_24, uniq_maggie
Lair:2:   layout_long_grid, nicolae_spider_entry_non_spiders,
          lemuel_fruit_fields, serial_bayou_shore_a, grunt_megastairs_2,
          uniq_nergalle
Lair:3:   layout_loops_ring, shoals_dummy_entry
Lair:4:   layout_cave_shapes, nicolae_slime_entry_slimehenge, serial_bayou,
          serial_bayou_pond_d, serial_bayou_pond_d, serial_bayou_pond_a,
          serial_bayou_shore_b, kennysheep_basilisk_garden, grunt_megastairs_5,
          infiniplex_staircase_pool
Lair:5:   due_jungle_book, layout_regular_city, gammafunk_ghost_cemetery,
          nicolae_quartered_pool_medium
Spider:1: layout_spider_delve, uniq_donald
Spider:2: layout_cave_pods, nicolae_spider_cling_halls, uniq_arachne, uniq_agnes
Spider:3: layout_spider_delve
Orc:1:    layout_caves, gammafunk_ghost_grave
Orc:2:    st_orc_ogre_mass, layout_caves

Skill      XL: |  1  2  3  4  5  6  7  8  9 10 11 12 13 14 15 16 17 |
---------------+----------------------------------------------------+-----
Earth Magic    | 4 5 6 7 8 10 12 13 14 16 17 18 | 18.9
Fighting       | 1 2 3 4 5 6 7 8 9 10 11 12 13 | 13.5
Transmutations | 2 3 |  3.0
Spellcasting   | 3 4 5 6 7 8 9 10 11 12 | 12.1
Necromancy     | 1 2 3 4 5 |  5.0
Invocations    | 3 5 7 8 9 11 12 13 | 13.0
Conjurations   | 1 3 5 |  5.9
Armour         | 1 4 6 7 9 10 | 10.8
Shields        | 6 10 12 13 | 13.5
Staves         | 3 |  3.1
Evocations     | 2 |  2.0
Dodging        | |  1.7
Stealth        | |  2.4

Action                     |  1- 3 |  4- 6 |  7- 9 | 10-12 | 13-15 | 16-18 || total
---------------------------+-------+-------+-------+-------+-------+-------++-------
  Melee: Whip              |     3 |     4 |       |       |       |       ||     7
         Unarmed           |     1 |       |       |       |       |       ||     1
         Mace              |       |       |     8 |       |       |       ||     8
         Staff             |       |       |       |    29 |   211 |   299 ||   539
         Punch             |       |       |       |     3 |       |       ||     3
  Throw: Dart              |       |       |       |       |     2 |     2 ||     4
   Cast: Sandblast         |    45 |    60 |   121 |    94 |   102 |    28 ||   450
         Passwall          |       |       |     3 |       |       |     3 ||     6
         Borgnjor's Vile C |       |       |     2 |    35 |    79 |    77 ||   193
         Stone Arrow       |       |       |       |     8 |    20 |    31 ||    59
         Animate Armour    |       |       |       |    11 |    39 |    52 ||   102
         Iron Shot         |       |       |       |     7 |    59 |    57 ||   123
         Sublimation of Bl |       |       |       |       |    20 |    25 ||    45
         Petrify           |       |       |       |       |       |     2 ||     2
 Invoke: Slouch            |       |       |       |       |     1 |     3 ||     4
Ability: Dig               |       |       |       |       |       |     6 ||     6
  Evoke: Wand              |       |       |       |       |     3 |       ||     3
    Use: Scroll            |       |     5 |     3 |     8 |     7 |     8 ||    31
         Potion            |       |       |       |       |     3 |     3 ||     6
   Stab: Sleeping          |     1 |       |       |       |       |       ||     1
         Distracted        |       |       |       |       |     1 |     2 ||     3
 Armour: Robe              |     3 |     3 |       |       |       |       ||     6
         Ring mail         |       |     1 |    27 |       |       |       ||    28
         Acid dragon scale |       |       |    13 |    72 |    15 |       ||   100
         Scale mail        |       |       |       |       |   170 |   279 ||   449
  Dodge: Dodged            |    10 |    15 |    45 |    99 |   190 |   229 ||   588
  Block: Kite shield       |       |       |       |       |   243 |   470 ||   713

Table legend: (Time is in decaauts)
 A = Elapsed time spent in this place.
 B = Non-inter-level travel time spent in this place.
 C = Inter-level travel time spent in this place.
 D = Time resting spent in this place.
 E = Time spent auto-exploring this place.
 F = Levels seen in this place.
 G = Mean time per level.
                   A        B        C        D        E       F      G
               +--------+--------+--------+--------+--------+-----+--------+
         Total |  39977 |  37845 |   2132 |   4299 |  28289 |  26 | 1537.6 |
       Dungeon |  22007 |  20669 |   1338 |   1883 |  16187 |  15 | 1467.1 |
        Temple |     74 |     62 |     12 |      0 |     30 |   1 |   74.0 |
          Lair |  12192 |  11590 |    602 |   1697 |   8207 |   5 | 2438.4 |
   Spider Nest |   3914 |   3818 |     96 |    587 |   2591 |   3 | 1304.7 |
  Orcish Mines |   1788 |   1706 |     82 |    131 |   1273 |   2 |  894.0 |
               +--------+--------+--------+--------+--------+-----+--------+

Top non-repeatable levels by time:
  Lair:5: 4083 daAuts
  Lair:1: 2525 daAuts
     D:9: 2379 daAuts
Spider:2: 2275 daAuts
  Lair:2: 2076 daAuts
    D:14: 2042 daAuts
  Lair:4: 1991 daAuts
     D:7: 1823 daAuts
    D:13: 1775 daAuts
    D:15: 1735 daAuts
Spider:1: 1619 daAuts
    D:10: 1534 daAuts
  Lair:3: 1515 daAuts
     D:4: 1494 daAuts
     D:8: 1429 daAuts
